 Dungeon Crawl Stone Soup version bcrawl-1.27.8b (webtiles) character file.

Game seed: 446054205581103664

189630 LostNumber the Ducker (level 5, -6/36 HPs)
             Began as a Fairy Fighter on Nov 6, 2020.
             Killed by divine providence
             ... invoked by an orc priest
              (10 damage)
             ... on level 3 of the Dungeon.
             The game lasted 00:02:44 (1820 turns).

LostNumber the Ducker (Fairy Fighter)               Turns: 1820, Time: 00:02:45

Health: -6/36      AC:  5    Str: 21    XL:     5   Next: 57%
Magic:  7/7        EV: 17    Int: 12    God:
Gold:   158        SH: 11    Dex: 12    Spells: 4/4 levels left

rFire    . . .     SeeInvis .   j - +0 short sword (venom)
rCold    . . .     Gourm    .   l - +0 buckler
rNeg     . . .     Faith    .   (armour unavailable)
rPois    .         Spirit   .   h - +1 hat
rElec    .         Reflect  .   (no cloak)
rCorr    .         Harm     .   (no gloves)
MR       .....                  (no boots)
Stlth    ..........             g - amulet of magic regeneration (curse)
HPRegen  0.12/turn              k - +7 ring of strength
MPRegen  0.35/turn              (no ring)

@: flying evasively
A: small, magic attunement, unstealthy, unfitting armour, able to fly, AC/SH +4
a: Stop Flying


You were on level 3 of the Dungeon.
You were not hungry.

You visited 1 branch of the dungeon, and saw 3 of its levels.

You collected 158 gold pieces.

Inventory:

Hand Weapons
 a - a +0 long sword
 j - a +0 short sword of venom (weapon)
   (You found it on level 1 of the Dungeon)
Armour
 b - a +0 medium shield
 h - a +1 hat (worn)
   (You found it on level 1 of the Dungeon)
 i - a +0 cloak
   (You found it on level 1 of the Dungeon)
 l - a +0 buckler (worn)
   (You found it on level 1 of the Dungeon)
Jewellery
 g - a cursed amulet of magic regeneration (around neck)
   (You found it on level 1 of the Dungeon)
 k - a +7 ring of strength (left hand)
   (You found it on level 1 of the Dungeon)
Wands
 d - a wand of iceblast (8)
   (You found it on level 3 of the Dungeon)
Scrolls
 o - a scroll of teleportation {unknown}
 p - 2 scrolls of fear {unknown}
Potions
 c - a potion of might
 m - 2 potions of flight {unknown}
 n - a potion of lignification {unknown}
Comestibles
 e - 6 rations {!d!d}


   Skills:
 + Level 3.3 Fighting
 * Level 3.1 Long Blades
 + Level 5.0 Dodging
 + Level 4.6 Shields


You had 4 spell levels left.
You didn't know any spells.
Your spell library was empty.

Dungeon Overview and Level Annotations

Branches:
Dungeon (3/12)

Altars:
Lugonu
Qazlal


Innate Abilities, Weirdness & Mutations

Your spells do not cause hunger and MP costs are reduced by 1.
Your bright wings attract enemies. (Stealth-)
You cannot fit into any form of body armour.
Your shimmering scales are hard and can block incoming attacks. (AC +4, SH +4)
You are small and have problems with some larger weapons.
You can fly continuously.


Message History

You barely miss the orc wizard.
An orc priest comes into view.
It is wielding a +0 hand axe and wearing a +2 leather armour of cold resistance.
You block the orc wizard's attack.
The orc priest shouts!
You hit the orc wizard but do no damage.
The orc wizard is poisoned.
You block the orc wizard's attack.
You closely miss the orc wizard.
The orc wizard mumbles some strange words.
The orc wizard blinks!
You hit the orc.
The orc is poisoned.
You kill the orc!
The orc priest completely misses you.
You see here an orc corpse.
You barely miss the orc priest.
The orc wizard gestures wildly while chanting.
The orc wizard blinks!
The orc priest barely misses you.
All of the chunks of flesh in your inventory have rotted away.
You closely miss the orc priest. You block the orc priest's attack.
You hit the orc priest but do no damage.
The orc priest completely misses you.
You closely miss the orc priest. You block the orc priest's attack.
Your shield prevents you from hitting the orc priest.
The orc wizard casts a spell at you. The magic dart hits you!
You block the orc priest's attack.
You hit the orc priest but do no damage.
The orc priest misses you.
You barely miss the orc priest.
The orc priest mumbles some strange prayers to Beogh against you.
Beogh smites you!
* * * LOW HITPOINT WARNING * * *
You barely miss the orc priest. You closely miss the orc priest.
The orc priest hits you with a +0 hand axe!
* * * LOW HITPOINT WARNING * * *
You hit the orc priest but do no damage.
You kill the orc wizard!
Your Dodging skill increases to level 5!
The orc priest invokes the aid of Beogh against you.
Pain shoots through your body!
* * * LOW HITPOINT WARNING * * *
You hit the orc priest but do no damage.
You block the orc priest's attack.
Unknown command.
You hit the orc priest.
The orc priest is poisoned.
The orc priest completely misses you.
You hit the orc priest. You hit the orc priest.
The orc priest looks more poisoned.
The orc priest mumbles some strange prayers to Beogh against you.
Beogh smites you!
You die...

#........#
#########
##########
#.......#
#.#####.####
#.#........#
#.#.###.#.## #.#.#
#.#.# #.#.#
#.#.############.#
#...#
#.......).@o.....#
#.###
###<############.#
### ###


You could see an orc priest.

Vanquished Creatures
  2 orc wizards (D:3)
  Robin (D:2)
  A gnoll (D:3)
  3 worms (D:2)
  3 dart slugs
  6 leopard geckos
  5 orcs
  2 giant cockroaches (D:1)
  13 goblins
  10 hobgoblins
  4 jackals (D:2)
  8 bats
  3 frilled lizards
  3 kobolds
  6 rats
70 creatures vanquished.

Notes
Turn   | Place    | Note
-------+----------+-------------------------------------------
     0 | D:1      | LostNumber the Fairy Fighter began the quest for the Orb.
     0 | D:1      | Reached XP level 1. HP: 15/15 MP: 3/3
   140 | D:1      | Reached XP level 2. HP: 20/20 MP: 4/4
   439 | D:1      | Reached XP level 3. HP: 25/25 MP: 5/5
   796 | D:2      | Found a corrupted altar of Lugonu.
   832 | D:2      | Found a stormy altar of Qazlal.
   926 | D:2      | Noticed Robin
   956 | D:2      | Killed Robin
   956 | D:2      | Reached XP level 4. HP: 22/31 MP: 6/6
  1572 | D:3      | Reached XP level 5. HP: 32/36 MP: 7/7
  1816 | D:3      | Reached skill level 5 in Dodging
  1820 | D:3      | Killed from afar by an orc priest

Skill      XL: |  1  2  3  4  5 |
---------------+----------------+-----
Long Blades    | 2 3 |  3.1
Shields        | 4 |  4.6
Fighting       | 3 |  3.3
Dodging        | 5 |  5.0

Action                   |  1- 3 |  4- 6 || total
-------------------------+-------+-------++-------
Melee: Long sword        |    40 |       ||    40
       Short sword       |    76 |   102 ||   178
  Eat: Chunk             |     3 |     6 ||     9
Armor: Skin              |    12 |     5 ||    17
Dodge: Dodged            |    60 |    50 ||   110
Block: Medium shield     |    25 |       ||    25
       Buckler           |    52 |    52 ||   104
